3L
ECHO PARK LAKERS @ NEW JERSEY FENIX
08/19/2032
 
TOP OF THE 1ST
Echo Park Lakers batting - Pitching for New Jersey Fenix : RHP Jimmy O'Flahavan
Pitching: RHP Jimmy O'Flahavan
Batting: RHB Zhenya Worobtsoff 0-0: SINGLE (Flyball, 78S)
Batting: RHB Bernardo Herrera 0-0: Ball
1-0: Ball
2-0: Swinging Strike
2-1: Swinging Strike
2-2: Strikes out swinging
Zhenya Worobtsoff steals 2nd base
Batter strikes out.
Batting: RHB Guillermo Coss 0-0: Ball
Zhenya Worobtsoff is caught stealing 3rd base
1-0: Foul Ball, location: 2F
1-1: Foul Ball, location: 2F
1-2: Ball
2-2: Ball
3-2: Base on Balls
Batting: LHB Stefan Vanderhoof 0-0: Ball
1-0: Ball
2-0: Ball
3-0: Called Strike
3-1: Foul Ball, location: 2F
3-2: Strikes out looking
Top of the 1st over - 0 runs, 1 hit, 0 errors, 1 left on base; Echo Park 0 - New Jersey 0
BOTTOM OF THE 1ST
New Jersey Fenix batting - Pitching for Echo Park Lakers : LHP Mike Owens
Pitching: LHP Mike Owens
Batting: SHB Shiki Sanu 0-0: Called Strike
0-1: Foul Ball, location: 2F
0-2: Ball
1-2: Foul Ball, location: 2F
1-2: Ball
2-2: Ball
3-2: Fly out, F6 (Popup, P)
Batting: LHB Alexis Raimbault 0-0: SINGLE (Line Drive, 7S)
Batting: LHB Javier Sánchez 0-0: DOUBLE (Line Drive, 89D)
Alexis Raimbault to third
Runner from 3rd tries for Home, SAFE, throw made at trailing runner, OUT at third!
Batting: RHB José Carlos Pérez 0-0: Swinging Strike
0-1: Called Strike
0-2: Ground out 4-3 (Groundball, 4)
Bottom of the 1st over - 1 run, 2 hits, 0 errors, 0 left on base; Echo Park 0 - New Jersey 1
TOP OF THE 2ND
Echo Park Lakers batting - Pitching for New Jersey Fenix : RHP Jimmy O'Flahavan
Batting: LHB Tony Vega 0-0: Ball
1-0: Swinging Strike
1-1: Ball
2-1: Ball
3-1: Called Strike
3-2: Base on Balls
Batting: RHB António López 0-0: Ball
1-0: Foul Ball, location: 2F
1-1: Grounds into double play, 6-4-3 (Groundball, 6)
Batting: RHB Orlando Montejo 0-0: Foul Ball, location: 2F
0-1: Foul Ball, location: 2F
0-2: Ball
1-2: Foul Ball, location: 2F
1-2: Foul Ball, location: 2F
1-2: SINGLE (Groundball, 5D)
Batting: RHB Freddy Torres 0-0: Swinging Strike
0-1: Ball
1-1: Swinging Strike
1-2: Ball
2-2: Ball
Orlando Montejo steals 2nd base
3-2: Strikes out swinging
Top of the 2nd over - 0 runs, 1 hit, 0 errors, 1 left on base; Echo Park 0 - New Jersey 1
BOTTOM OF THE 2ND
New Jersey Fenix batting - Pitching for Echo Park Lakers : LHP Mike Owens
Batting: LHB Bartolo Benítez 0-0: Fly out, F5 (Line Drive, 56)
Batting: SHB Jesús Román 0-0: Bunt missed!
0-1: Foul Ball, location: 2F
0-2: Ball
1-2: Ball
2-2: Ball
3-2: Ground out 3-1 (Groundball, 34S)
Batting: LHB Elian Gonzalez 0-0: Ball
1-0: SINGLE (Groundball, 6D)
Batting: RHB Pablo Marrero 0-0: Called Strike
0-1: Foul Ball, location: 2F
0-2: Ball
1-2: Fly out, F6 (Line Drive, 6)
Bottom of the 2nd over - 0 runs, 1 hit, 0 errors, 1 left on base; Echo Park 0 - New Jersey 1
TOP OF THE 3RD
Echo Park Lakers batting - Pitching for New Jersey Fenix : RHP Jimmy O'Flahavan
Batting: LHB Bartolo Sierra 0-0: Foul Ball, location: 2F
0-1: Swinging Strike
0-2: Ground out 1-3 (Groundball, 15S)
Batting: RHB Zhenya Worobtsoff 0-0: Ball
1-0: Ball
2-0: Called Strike
2-1: Swinging Strike
2-2: Ball
3-2: Base on Balls
Batting: RHB Bernardo Herrera 0-0: Foul Ball, location: 2F
0-1: Foul Ball, location: 2F
0-2: Ball
1-2: Foul Ball, location: 2F
1-2: Ball
2-2: SINGLE (Groundball, 6MD)
Zhenya Worobtsoff to second
Runner from 2nd tries for 3rd, OUT!
Batting: RHB Guillermo Coss 0-0: Foul Ball, location: 2F
0-1: Fly out, F7 (Flyball, 7S)
Top of the 3rd over - 0 runs, 1 hit, 0 errors, 1 left on base; Echo Park 0 - New Jersey 1
BOTTOM OF THE 3RD
New Jersey Fenix batting - Pitching for Echo Park Lakers : LHP Mike Owens
Batting: LHB Pedro Gutiérrez 0-0: Ball
1-0: Ball
2-0: Ball
3-0: Called Strike
3-1: Foul Ball, location: 2F
3-2: Fly out, F1 (Popup, 15)
Batting: SHB Shiki Sanu 0-0: Ball
1-0: Fly out, F7 (Flyball, 7)
Batting: LHB Alexis Raimbault 0-0: SINGLE (Groundball, 34D)
Batting: LHB Javier Sánchez 0-0: Ball
1-0: Ball
Alexis Raimbault steals 2nd base
2-0: Foul Ball, location: 2F
2-1: Foul Ball, location: 2F
2-2: Ball
3-2: SINGLE (Groundball, 6D)
Alexis Raimbault to third
Alexis Raimbault scores
Batting: RHB José Carlos Pérez 0-0: Called Strike
0-1: Called Strike
0-2: DOUBLE (Flyball, 78D)
Javier Sánchez to third
Batting: LHB Bartolo Benítez 0-0: Ball
1-0: Foul Ball, location: 2F
1-1: Swinging Strike
1-2: Ground out 5-3 (Groundball, 56)
Bottom of the 3rd over - 1 run, 3 hits, 0 errors, 2 left on base; Echo Park 0 - New Jersey 2
TOP OF THE 4TH
Echo Park Lakers batting - Pitching for New Jersey Fenix : RHP Jimmy O'Flahavan
Batting: LHB Stefan Vanderhoof 0-0: Ball
1-0: Fly out, F8 (Flyball, 8RM)
Batting: LHB Tony Vega 0-0: Foul Ball, location: 2F
0-1: Ball
1-1: Ball
2-1: Foul Ball, location: 2F
2-2: Fly out, F8 (Flyball, 8LS)
Batting: RHB António López 0-0: Called Strike
0-1: Ball
1-1: Ground out 5-3 (Groundball, 5L)
Top of the 4th over - 0 runs, 0 hits, 0 errors, 0 left on base; Echo Park 0 - New Jersey 2
BOTTOM OF THE 4TH
New Jersey Fenix batting - Pitching for Echo Park Lakers : LHP Mike Owens
Batting: SHB Jesús Román 0-0: Swinging Strike
0-1: SINGLE (Line Drive, 56)
Batting: LHB Elian Gonzalez 0-0: Called Strike
0-1: Ball
1-1: Swinging Strike
1-2: Ball
2-2: Grounds into double play, 4-6-3 (Groundball, 4)
Batting: RHB Pablo Marrero 0-0: Called Strike
0-1: Ball
1-1: Ball
2-1: Fly out, F6 (Line Drive, 6)
Bottom of the 4th over - 0 runs, 1 hit, 0 errors, 0 left on base; Echo Park 0 - New Jersey 2
TOP OF THE 5TH
Echo Park Lakers batting - Pitching for New Jersey Fenix : RHP Jimmy O'Flahavan
Batting: RHB Orlando Montejo 0-0: Ball
1-0: Ball
2-0: Called Strike
2-1: Ball
3-1: Ground out 4-3 (Groundball, 4S)
Batting: RHB Freddy Torres 0-0: Ball
1-0: Ball
2-0: Foul Ball, location: 2F
2-1: Foul Ball, location: 2F
2-2: Strikes out swinging
Batting: LHB Bartolo Sierra 0-0: Ball
1-0: Foul Ball, location: 2F
1-1: Swinging Strike
1-2: Ground out 3-1 (Groundball, 34)
Top of the 5th over - 0 runs, 0 hits, 0 errors, 0 left on base; Echo Park 0 - New Jersey 2
BOTTOM OF THE 5TH
New Jersey Fenix batting - Pitching for Echo Park Lakers : LHP Mike Owens
Batting: LHB Pedro Gutiérrez 0-0: Ball
1-0: Ball
2-0: Foul Ball, location: 2F
2-1: Ground out 1-3 (Groundball, 15)
Batting: SHB Shiki Sanu 0-0: Ball
1-0: Called Strike
1-1: Foul Ball, location: 2F
1-2: Ball
2-2: Foul Ball, location: 2F
2-2: SINGLE (Groundball, 6S) (infield hit)
Batting: LHB Alexis Raimbault 0-0: Fielders Choice at 2nd, 6-4 (Groundball, 56)
Batting: LHB Javier Sánchez 0-0: Ball
Alexis Raimbault is caught stealing 2nd base
Bottom of the 5th over - 0 runs, 1 hit, 0 errors, 0 left on base; Echo Park 0 - New Jersey 2
TOP OF THE 6TH
Echo Park Lakers batting - Pitching for New Jersey Fenix : RHP Jimmy O'Flahavan
Batting: RHB Zhenya Worobtsoff 0-0: Ground out 4-3 (Groundball, 34D)
Batting: RHB Bernardo Herrera 0-0: Ball
1-0: Called Strike
1-1: Ball
2-1: Foul Ball, location: 2F
2-2: Strikes out swinging
Batting: RHB Guillermo Coss 0-0: Ball
1-0: Ball
2-0: Foul Ball, location: 2F
2-1: Called Strike
2-2: DOUBLE (Groundball, 3L)
Batting: LHB Stefan Vanderhoof 0-0: Called Strike
0-1: Swinging Strike
0-2: Fly out, F2 (Popup, 2RF)
Top of the 6th over - 0 runs, 1 hit, 0 errors, 1 left on base; Echo Park 0 - New Jersey 2
BOTTOM OF THE 6TH
New Jersey Fenix batting - Pitching for Echo Park Lakers : LHP Mike Owens
Batting: LHB Javier Sánchez 0-0: Ball
1-0: Ball
2-0: Called Strike
2-1: Foul Ball, location: 2F
2-2: Foul Ball, location: 2F
2-2: Foul Ball, location: 2F
2-2: Strikes out looking
Batting: RHB José Carlos Pérez 0-0: Called Strike
0-1: Foul Ball, location: 2F
0-2: SINGLE (Line Drive, 7S)
Batting: LHB Bartolo Benítez 0-0: Ball
1-0: Foul Ball, location: 2F
1-1: Ball
2-1: DOUBLE (Line Drive, 9LM)
José Carlos Pérez to third
Batting: SHB Jesús Román 0-0: Intentional Walk
Batting: LHB Elian Gonzalez 0-0: Called Strike
0-1: Ball
1-1: Grounds into fielders choice 5-2 (Groundball, 6)
Bartolo Benítez to third
Jesús Román to second
Batting: RHB Pablo Marrero 0-0: Fly out, F9 (Flyball, 9S)
Bottom of the 6th over - 0 runs, 2 hits, 0 errors, 3 left on base; Echo Park 0 - New Jersey 2
TOP OF THE 7TH
Echo Park Lakers batting - Pitching for New Jersey Fenix : RHP Jimmy O'Flahavan
Batting: LHB Tony Vega 0-0: Ball
1-0: Ball
2-0: Foul Ball, location: 2F
2-1: Ball
3-1: Foul Ball, location: 2F
3-2: Base on Balls
Batting: RHB António López 0-0: Ball
1-0: Ball
Throwing error on steal attempt, E2
Tony Vega to third
2-0: DOUBLE (Flyball, 8RXD)
Tony Vega scores
Batting: RHB Orlando Montejo 0-0: Bunt missed!
0-1: Bunted foul
0-2: Foul Ball, location: 2F
0-2: Ball
1-2: Ball
2-2: Ball
3-2: Fly out, F4 (Popup, 4)
Batting: RHB Freddy Torres 0-0: Ball
1-0: Foul Ball, location: 2F
1-1: Ball
2-1: Ball
3-1: Base on Balls
Batting: LHB Bartolo Sierra 0-0: Foul Ball, location: 2F
0-1: Ball
1-1: DOUBLE (Groundball, 3L)
António López scores
Freddy Torres to third
Runner from 3rd tries for Home, SAFE, no throw
Pitching: LHP Joey Dudley
Batting: RHB Zhenya Worobtsoff 0-0: SINGLE (Groundball, 56D)
Bartolo Sierra to third
Runner from 3rd tries for Home, SAFE, no throw
Batting: RHB Bernardo Herrera 0-0: Ball
1-0: Ball
2-0: Called Strike
2-1: Called Strike
2-2: Strikes out swinging
Batting: RHB Guillermo Coss 0-0: Ball
1-0: Fly out, F4 (Line Drive, 4M)
Top of the 7th over - 4 runs, 3 hits, 1 error, 1 left on base; Echo Park 4 - New Jersey 2
BOTTOM OF THE 7TH
New Jersey Fenix batting - Pitching for Echo Park Lakers : LHP Mike Owens
Batting: LHB Pedro Gutiérrez 0-0: Called Strike
0-1: Swinging Strike
0-2: Ball
1-2: Strikes out swinging
Batting: SHB Shiki Sanu 0-0: Ball
1-0: Foul Ball, location: 2F
1-1: Ball
2-1: Called Strike
2-2: Foul Ball, location: 2F
2-2: Fly out, F7 (Flyball, 7D)
Batting: LHB Alexis Raimbault 0-0: Ball
1-0: Swinging Strike
1-1: Swinging Strike
1-2: Strikes out swinging
Bottom of the 7th over - 0 runs, 0 hits, 0 errors, 0 left on base; Echo Park 4 - New Jersey 2
TOP OF THE 8TH
Echo Park Lakers batting - Pitching for New Jersey Fenix : LHP Joey Dudley
Batting: LHB Stefan Vanderhoof 0-0: Ball
1-0: Ball
2-0: Fly out, F8 (Line Drive, 8LM)
Batting: LHB Tony Vega 0-0: Called Strike
0-1: Ball
1-1: SINGLE (Groundball, 34D)
Batting: RHB António López 0-0: Ball
1-0: Ball
2-0: Called Strike
2-1: Fly out, F9 (Flyball, 9LS)
Batting: RHB Orlando Montejo 0-0: Ball
1-0: Ball
2-0: Called Strike
2-1: Ball
3-1: Fly out, F8 (Flyball, 8RD)
Top of the 8th over - 0 runs, 1 hit, 0 errors, 1 left on base; Echo Park 4 - New Jersey 2
BOTTOM OF THE 8TH
New Jersey Fenix batting - Pitching for Echo Park Lakers : LHP Mike Owens
Batting: LHB Javier Sánchez 0-0: Called Strike
0-1: Swinging Strike
0-2: Ball
1-2: Ball
2-2: Strikes out swinging
Batting: RHB José Carlos Pérez 0-0: Foul Ball, location: 2F
0-1: SINGLE (Line Drive, 8LS)
Pitching: RHP Stef Dijkman
Batting: LHB Bartolo Benítez 0-0: Called Strike
0-1: Ball
1-1: Grounds into double play, 6-4-3 (Groundball, 6MD)
Bottom of the 8th over - 0 runs, 1 hit, 0 errors, 0 left on base; Echo Park 4 - New Jersey 2
TOP OF THE 9TH
Echo Park Lakers batting - Pitching for New Jersey Fenix : LHP Joey Dudley
Batting: RHB Freddy Torres 0-0: Ball
1-0: Ground out 6-3 (Groundball, 6)
Batting: LHB Bartolo Sierra 0-0: Foul Ball, location: 2F
0-1: Swinging Strike
0-2: Ball
1-2: Strikes out swinging
Batting: RHB Zhenya Worobtsoff 0-0: Ball
1-0: Hit by Pitch
Batting: RHB Bernardo Herrera 0-0: Ball
1-0: Ball
2-0: Called Strike
2-1: Fly out, F9 (Flyball, 9)
Top of the 9th over - 0 runs, 0 hits, 0 errors, 1 left on base; Echo Park 4 - New Jersey 2
BOTTOM OF THE 9TH
New Jersey Fenix batting - Pitching for Echo Park Lakers : RHP Stef Dijkman
Pitching: LHP Nees Stroo
Batting: SHB Jesús Román 0-0: Ball
1-0: Ball
2-0: Fly out, F6 (Line Drive, 6)
Batting: LHB Elian Gonzalez 0-0: Ball
1-0: Ball
2-0: Foul Ball, location: 2F
2-1: Ball
3-1: Swinging Strike
3-2: Strikes out swinging, 2-3 out at first.
Pitching: RHP William DeWitt
Batting: RHB Pablo Marrero 0-0: Ball
1-0: Ball
2-0: Called Strike
2-1: SINGLE (Groundball, 56S) (infield hit)
Batting: LHB Pedro Gutiérrez 0-0: Fielders Choice at 2nd, 6-4 (Groundball, 6)
Bottom of the 9th over - 0 runs, 1 hit, 0 errors, 1 left on base; Echo Park 4 - New Jersey 2
Wednesday, September 19th, 2018 - OOTP Baseball 18.8 Build 76